 Dungeon Crawl Stone Soup version 0.32-a0-361-g289a535e89 (webtiles) character file.

Game seed: 11251150515116808604

140 Zvl3 the Shield-Bearer (level 5, 0/46 HPs)
             Began as a Mountain Dwarf Fighter on Feb 18, 2024.
             Slain by Sigmund
             ... wielding a +0 scythe
              (9 damage)
             ... on level 2 of the Dungeon.
             The game lasted 00:02:06 (1463 turns).

Zvl3 the Shield-Bearer (Mountain Dwarf Fighter)     Turns: 1463, Time: 00:02:07

Health: 0/46       AC:  9    Str: 20    XL:     5   Next: 2%
Magic:  5/5        EV:  9    Int:  9    God:
Gold:   90         SH:  4    Dex:  9    Spells: 4/4 levels left

rFire   . . .        a - +0 war axe
rCold   . . .        c - +0 buckler
rNeg    . . .        b - +0 scale mail
rPois   .            (no helmet)
rElec   .            (no cloak)
rCorr   .            m - +0 pair of gloves
SInv    .            l - +0 pair of boots
Will    .....        (no amulet) Stlth
                     (no ring)
HPRegen 0.27/turn    (no ring)
MPRegen 0.09/turn

%: no passive effects
@: hasted, very quick
A: runic magic, artefact enchanting
a: no special abilities


You were on level 2 of the Dungeon.
You visited 1 branch of the dungeon, and saw 2 of its levels.

You collected 90 gold pieces.

Inventory:

Hand Weapons
 a - a +0 war axe (weapon)
Armour
 b - a +0 scale mail (worn)
 c - a +0 buckler (worn)
 l - a +0 pair of boots (worn)
 m - a +0 pair of gloves (worn)
Jewellery
 o - an amulet of magic regeneration
Scrolls
 e - 2 scrolls of identify {unknown}
 g - 2 scrolls of poison {unknown}
 h - a scroll of immolation {unknown}
 i - a scroll of acquirement {unknown}
 n - a scroll of enchant armour {unknown}
Potions
 d - a potion of might
 j - a potion of heal wounds {unknown}
 k - a potion of enlightenment {unknown}


   Skills:
 + Level 4.2 Fighting
 + Level 3.7 Axes
 + Level 4.2 Armour
 + Level 4.2 Shields


You had 4 spell levels left.
You didn't know any spells.
Your spell library contained the following spells:

 Spells                   Type           Power      Damage    Failure   Level
 Necrotise                Necr           0%         1d4       54%         1
 Vampiric Draining        Necr           0%         2d6       88%         3
 Martyr's Knell           Necr/Summ      0%         N/A       99%         4
 Curse of Agony           Necr           0%         N/A       100%        5


Dungeon Overview and Level Annotations

Branches:
Dungeon (2/15)

Altars:

Annotations:
D:2 Sigmund


Innate Abilities, Weirdness & Mutations

Your spellcasting is much less encumbered by armour.
You can use scrolls of enchantment on lesser artefacts.


Message History

You bump into the rock wall.
Sigmund gestures wildly while chanting.
Sigmund flickers and vanishes!
Deactivating autopickup; reactivate with Ctrl-A.
You miss something. Something hits you but does no damage.
You hear some strange, mumbled words.
A puff of flame appears from out of thin air!
The puff of flame hits you!
You bump into the rock wall.
A magic dart appears from out of thin air!
The magic dart hits you but does no damage.
Something hits you!
You miss something. Something hits you.
You miss something.
You feel less confused.
You hear some strange, mumbled words.
A magic dart appears from out of thin air!
The magic dart hits you but does no damage.
You barely miss something. Something hits you but does no damage.
You miss something. Something hits you but does no damage.
You closely miss something. Something hits you.
You hit something. You closely miss something. Something hits you.
You hit something. Something hits you.
You barely miss something. Something hits you.
You hit something but do no damage. Something hits you but does no damage.
You closely miss something. You block something's attack.
You closely miss something.
You hear some strange, mumbled words.
A puff of flame appears from out of thin air!
The puff of flame misses you.
You barely miss something. Something hits you.
You closely miss something. Something hits you!
* * * LOW HITPOINT WARNING * * *
You closely miss something. Something hits you but does no damage.
You barely miss something. Something hits you.
* * * LOW HITPOINT WARNING * * *
You miss something.
It was a potion of haste.
You feel yourself speed up. Something hits you!
You die...

### #.##############
#..............#
#.###########.##
####.# ####.# ..#.#
#....# #.#.# #.####
#####{#.########.#
+....@...........#####
#####.#...............
#.################
##.............# #
............>#.# #
#######.####.#.# #
##....# #.#.####
#..#### #.#.#...
###### ###.## #.#.....


There were no monsters in sight!

Vanquished Creatures
  A scorpion (D:2)
  2 adders (D:2)
  2 dart slugs
  6 endoplasms
  A giant cockroach (D:2)
  4 goblins (D:2)
  6 hobgoblins
  3 kobolds
  3 ball pythons
  3 bats
  2 frilled lizards (D:2)
  A rat (D:1)
34 creatures vanquished.

Notes
Turn   | Place    | Note
-------+----------+-------------------------------------------
     0 | D:1      | Zvl3 the Mountain Dwarf Fighter began the quest for the
                  | Orb.
     0 | D:1      | Reached XP level 1. HP: 19/19 MP: 1/1
    82 | D:1      | Reached XP level 2. HP: 26/26 MP: 2/2
   664 | D:2      | Reached XP level 3. HP: 31/31 MP: 3/3
   668 | D:2      | Noticed a scorpion
   681 | D:2      | Killed a scorpion
   682 | D:2      | Reached XP level 4. HP: 9/40 MP: 4/4
  1174 | D:2      | Reached XP level 5. HP: 42/46 MP: 5/5
  1234 | D:2      | Found a faded altar of an unknown god.
  1431 | D:2      | Noticed Sigmund
  1463 | D:2      | Slain by Sigmund

Illustrated notes

Levels and vault maps discovered:
D:1:      minmay_arrival_radiant_lines, layout_loops_ring
D:2:      layout_basic, shapermc_ecumenical_altar_mp_vishouse,
          serial_corexii_hall, chequers_hall_statues_wall_a,
          corexii_hall_statues_s, corexii_hall_statues_deadend, uniq_sigmund

Skill      XL: |  1  2  3 |
---------------+----------+-----
Axes           | 3 |  3.7
Fighting       | 4 |  4.2
Armour         | 4 |  4.2
Shields        | 4 |  4.2

Action                     |  1- 3 |  4- 6 || total
---------------------------+-------+-------++-------
  Melee: War axe           |    40 |    68 ||   108
    Use: Potion            |       |     1 ||     1
 Armour: Scale mail        |    38 |    53 ||    91
  Dodge: Dodged            |    23 |    34 ||    57
  Block: Buckler           |     8 |    13 ||    21

Table legend: (Time is in decaauts)
 A = Elapsed time spent in this place.
 B = Non-inter-level travel time spent in this place.
 C = Inter-level travel time spent in this place.
 D = Time resting spent in this place.
 E = Time spent auto-exploring this place.
 F = Levels seen in this place.
 G = Mean time per level.
                   A        B        C        D        E       F      G
               +--------+--------+--------+--------+--------+-----+--------+
         Total |   1502 |   1420 |     82 |    109 |   1002 |   2 |  751.0 |
       Dungeon |   1502 |   1420 |     82 |    109 |   1002 |   2 |  751.0 |
               +--------+--------+--------+--------+--------+-----+--------+

Top non-repeatable levels by time:
     D:2: 830 daAuts
     D:1: 671 daAuts
